AoeStats
← 化劲省二

Golden Pit

507740114Analyzed
1v1 RM · 14d ago on Sep 19, 2026· 48m 0s· 2 players
Game mode
Random Map
Map size
Tiny (2 player)
Population
200
Speed
Normal
Resources
Standard
Victory
Conquest
Starting age
Dark Age
Ending age
Imperial Age
RankedLock teamsTeams togetherTeam positionsShared explorationLock speedFull tech treeHidden civsTurbo modeCheats
Victory
Defeat
🇨🇳 Khitans · China
1186
+15
🇦🇷 Persians · Argentina
1164
-15
polacoyanus
2:39 Loom
10:11 Feudal Age
17:18 Castle Age
19:23 Husbandry
23:29 Bloodlines
26:37 Horse Collar
28:07 Scale Barding Armor
30:39 Gold Mining
34:58 Imperial Age
33:03 Stone Mining
33:17 Fletching
38:02 Wheelbarrow
39:52 Chain Barding Armor
39:43 Forging
41:53 Cavalier
46:31 Iron Casting
化劲省二
8:00 Loom
10:20 Feudal Age
11:00 Double-Bit Axe
14:41 Forging
17:29 Domestication
20:00 Wheelbarrow
20:03 Gold Mining
24:03 Castle Age
25:22 Town Watch
27:25 Pastoralism
28:01 Stone Mining
31:20 Imperial Age
29:25 Bow Saw
29:20 Fletching
29:41 Squires
30:18 Hand Cart
30:21 Treadmill Crane
30:11 Pikeman
31:07 Scale Barding Armor
32:02 Masonry
32:48 Iron Casting
33:39 Bodkin Arrow
34:57 Light Cavalry
37:27 Chemistry
37:35 Conscription
38:23 Transhumance
38:52 Ballistics
38:50 Scale Mail Armor
40:09 Chain Mail Armor
40:24 Husbandry
40:11 Capped Ram
40:55 Arson
42:06 Siege Engineers
42:37 Chain Barding Armor
43:03 Murder Holes
43:58 Plate Mail Armor
45:30 Lamellar Armor
46:40 Ordo Cavalry
47:25 Bracer
Connection lost

Rejoining the realm…

Still unreachable

The connection could not be restored.

Session expired

The server has moved on; the page needs a fresh start.